 Dungeon Crawl Stone Soup version 0.28.0-45-g0d030f2227 (webtiles) character file.

Game seed: 3529047680822984634

4197 issech the Chopper (level 10, -3/88 HPs)
             Began as a Troll Monk on Apr 18, 2022.
             Was an Elder of Hepliaklqana.
             Slain by a wyvern (15 damage)
             ... on level 9 of the Dungeon.
             The game lasted 00:33:47 (6870 turns).

issech the Chopper (Troll Monk)                     Turns: 6870, Time: 00:33:47

Health: -3/88      AC:  5    Str: 27    XL:     10   Next: 8%
Magic:  9/9        EV: 12    Int:  6    God:    Hepliaklqana [****..]
Gold:   435        SH:  0    Dex: 16    Spells: 9/9 levels left

rFire   . . .      SeeInvis .   a - +6 flail
rCold   . . .      Faith    .   (no shield)
rNeg    + . .      Spirit   .   Y - +0 robe {rN+}
rPois   .          Reflect  .   (helmet restricted)
rElec   .          Harm     .   J - +0 cloak
rCorr   .          Rampage  .   (gloves unavailable)
Will    .....                   (boots unavailable)
Stlth   +++.......              (no amulet)
HPRegen 1.04/turn               S - +6 ring of strength
MPRegen 0.11/turn               L - +4 ring of slaying

@: no status effects
A: reduced essence, large, unfitting armour, claws 3, regeneration 1, shaggy fur
1, tough skin 1
a: Renounce Religion, Recall Ancestor, Ancestor Identity, Transference, Idealise


You were on level 9 of the Dungeon.
You worshipped Hepliaklqana.
Hepliaklqana was greatly pleased with you.
You visited 2 branches of the dungeon, and saw 10 of its levels.

You collected 465 gold pieces.
You spent 30 gold pieces at shops.

Inventory:

Hand Weapons
 a - a +6 flail (weapon)
 f - a +0 hand crossbow
 k - a +3 vorpal hand axe
 C - a +0 giant club
 G - a +0 morningstar
 I - a +3 quarterstaff of chaos
 N - a +4 whip
 O - a +2 rapier of venom
 Z - a +4 falchion of freezing
Missiles
 c - 354 stones (quivered)
 e - 91 arrows
 i - 144 bolts
 v - 113 sling bullets
 D - 26 poisoned darts
 K - a throwing net
 R - 6 javelins
Armour
 m - a scarf of repulsion
 J - a +0 cloak (worn)
 Y - a +0 robe of positive energy (worn)
Magical Staves
 o - a staff of air
 F - a staff of earth
Jewellery
 d - a ring of fire
 L - a +4 ring of slaying (right claw)
 P - a +6 ring of intelligence
 S - a +6 ring of strength (left claw)
Wands
 u - a wand of iceblast (13)
 T - a wand of flame (14)
Scrolls
 b - a scroll of fear {unknown}
 h - a scroll of teleportation
 l - a scroll of magic mapping
 p - a scroll of enchant armour
 t - a scroll of vulnerability {unknown}
 y - 2 scrolls of blinking {unknown}
 B - a scroll of fog {unknown}
 E - 4 scrolls of noise {unknown}
 Q - a scroll of summoning {unknown}
Potions
 g - 5 potions of flight {unknown}
 j - a potion of magic {unknown}
 n - 2 potions of haste {unknown}
 q - 2 potions of brilliance {unknown}
 r - a potion of heal wounds {unknown}
 s - a potion of mutation {unknown}
 w - a potion of ambrosia {unknown}
 x - a potion of invisibility {unknown}
 z - a potion of resistance {unknown}
 A - a potion of degeneration {unknown}
 H - 2 potions of curing {unknown}


   Skills:
 + Level 5.7 Fighting
 + Level 7.5(8.2) Axes
 + Level 5.2(7.4) Maces & Flails
 + Level 0.5 Throwing
 + Level 5.3 Dodging
 + Level 3.8 Stealth


You had 9 spell levels left.
You didn't know any spells.
Your spell library contained the following spells:

 Spells                   Type           Power      Damage    Failure   Level
 Sting                    Tmut/Pois      0%         1d3       45%         1
 Poisonous Vapours        Pois/Air       0%         N/A       58%         2
 Call Canine Familiar     Summ           0%         N/A       83%         3
 Gell's Gravitas          Tloc           0%         N/A       83%         3
 Portal Projectile        Hex/Tloc       0%         N/A       83%         3
 Teleport Other           Tloc           0%         N/A       83%         3
 Leda's Liquefaction      Hex/Erth       0%         N/A       99%         4
 Olgreb's Toxic Radiance  Pois           0%         N/A       99%         4
 Iskenderun's Battlesphe  Conj           0%         2d6       100%        5
 Summon Forest            Summ/Tloc      0%         N/A       100%        5
 Dispersal                Tloc           0%         N/A       100%        6
 Eringya's Noxious Bog    Tmut/Pois      0%         N/A       100%        6
 Iron Shot                Conj/Erth      0%         9d1       100%        6
 Spellforged Servitor     Conj/Summ      0%         N/A       100%        7
 Summon Hydra             Summ           0%         N/A       100%        7


Dungeon Overview and Level Annotations

Branches:
Dungeon (9/15)             Temple (1/1) D:4
   Lair: D:8-11         Orc: D:9-12

Altars:
Ashenzari
Cheibriados
Elyvilon
Fedhas
Hepliaklqana
Kikubaaqudgha
Makhleb
Nemelex Xobeh
Okawaru
Qazlal
Sif Muna
Trog
Uskayaw
Vehumet
Wu Jian
Xom
Yredelemnul
Zin
The Shining One

Shops:
D:6 ?=[(

Annotations:
D:4 2 transporters
D:5 2 transporters, math4jedi's ghost, novice HOFi
D:6 2 transporters, DemonSlayer's ghost, novice DsFE


Innate Abilities, Weirdness & Mutations

Your life essence is reduced to manifest your ancestor. (-10% HP)
You are too large for most types of armour.
You have claws for hands.
Your natural rate of healing is unusually fast.
You are covered in fur. (AC +1)
You have tough skin. (AC +1)


Message History

The yak is almost dead.
The yak gores you. The yak gores you!
Eshargamelat hits the yak with a +0 quarterstaff.
You hit the yak.
You kill the yak!
The yak gores you but does no damage.
Eshargamelat gestures at the yak while chanting.
The stone arrow hits the yak!
You have reached level 10!
Eshargamelat remembers more of their old skill.
You hit the yak.
The yak is lightly wounded.
The yak gores you! The yak gores you but does no damage.
Eshargamelat hits the yak with a +0 quarterstaff!!
The yak dies!
You hit the yak.
The yak is lightly wounded.
The yak gores you! The wyvern bites you!
Eshargamelat gestures at the yak while chanting.
The stone arrow hits the yak.
You barely miss the yak.
The yak is moderately wounded.
The wyvern bites you. The yak gores you!
* * * LOW HITPOINT WARNING * * *
Eshargamelat hits the yak with a +0 quarterstaff!
The wyvern barely misses you.
You closely miss the yak.
The yak is heavily wounded.
The yak barely misses you. The wyvern bites you.
* * * LOW HITPOINT WARNING * * *
Eshargamelat hits the yak with a +0 quarterstaff!
The yak barely misses Eshargamelat.
Eshargamelat hits the yak with a +0 quarterstaff.
The yak dies!
The wyvern bites you!
* * * LOW HITPOINT WARNING * * *
You thump the wyvern!
The wyvern is moderately wounded.
The wyvern bites you!
You die...

######### ........#
........# ........#
........############ ..
........'..........+....
.......@###.....####....
......Rl# #.#.#.# #....
......†.# #.#<#)####....
.....?..# #.#.#..#.#.#.#
........# #.#.#.........
######..# #.#.#'##......
.... #.#........... ....
#....#...... .....
#.........>.


You could see the friendly Eshargamelat the battlemage and a wyvern (ally
target).

Vanquished Creatures
  A yak (D:9)
  A steam dragon (D:7)
  Duvessa (D:7)
  An orc warrior (D:8)
  An ogre (D:4)
  2 necrophages
  A black bear (D:3)
  A kobold brigand (D:8)
  2 bullfrogs
  A water moccasin zombie (D:5)
  2 water moccasin skeletons
  Dowan (D:7)
  2 killer bees (D:9)
  5 wights (D:8)
  A centaur zombie (D:9)
  A bullfrog zombie (D:6)
  3 hounds
  2 orc priests
  Crazy Yiuf (D:6)
  A gnoll shaman (D:6)
  Natasha (thrice) (D:3)
  Terence (D:2)
  3 iguanas
  Ijyb (D:3)
  An orc wizard (D:8)
  2 killer bee zombies (D:8)
  A howler monkey zombie (D:9)
  3 gnolls
  5 adders
  A shadow imp (D:4)
  A white imp (D:7)
  An ufetubus (D:6)
  2 dart slugs (D:1)
  19 orcs
  6 ball pythons
  2 endoplasms
  6 giant cockroaches
  7 hobgoblins
  2 jackals (D:1)
  A quokka (D:3)
  4 bats (D:2)
  3 frilled lizards
  14 goblins
  19 kobolds
  7 rats
146 creatures vanquished.

Vanquished Creatures (collateral kills)
  Prince Ribbit (D:6)
  A wyvern (D:7)
  2 yaks (D:9)
  A steam dragon (D:7)
  An acid dragon (D:8)
  2 orc warriors
  A black bear (D:4)
  A centaur (D:5)
  A kobold brigand (D:6)
  2 bullfrogs
  2 scorpions (D:5)
  A water moccasin zombie (D:5)
  2 killer bees (D:9)
  A jelly (D:5)
  A centaur skeleton (D:4)
  2 iguanas
  2 orc wizards (D:5)
  2 howler monkey zombies
  2 gnolls (D:6)
  2 adders
  2 white imps
  2 ufetubi
  An adder skeleton (D:4)
  A dart slug (D:4)
  8 orcs
  A giant cockroach (D:4)
  A hobgoblin (D:5)
  A quokka (D:5)
  3 kobolds
50 creatures vanquished.

Vanquished Creatures (others)
  A goblin (D:1)
1 creature vanquished.

Grand Total: 197 creatures vanquished

Notes
Turn   | Place    | Note
-------+----------+-------------------------------------------
     0 | D:1      | issech the Troll Monk began the quest for the Orb.
     0 | D:1      | Reached XP level 1. HP: 22/22 MP: 0/0
   175 | D:1      | Reached XP level 2. HP: 24/29 MP: 1/1
   404 | D:1      | Reached XP level 3. HP: 34/36 MP: 2/2
   753 | D:2      | Noticed Terence
   791 | D:2      | Killed Terence
   792 | D:2      | Reached XP level 4. HP: 24/44 MP: 3/3
  1132 | D:2      | Found a faded altar of an unknown god.
  1191 | D:2      | Found a bloodstained altar of Trog.
  1617 | D:3      | Noticed Ijyb
  1636 | D:3      | Killed Ijyb
  1705 | D:3      | Found a glowing golden altar of the Shining One.
  1916 | D:3      | Reached XP level 5. HP: 52/52 MP: 4/4
  1938 | D:3      | Found a hide-covered altar of Uskayaw.
  2000 | D:3      | Noticed a black bear
  2024 | D:3      | Killed a black bear
  2025 | D:3      | Reached skill level 1 in Axes
  2307 | D:3      | Noticed Natasha
  2315 | D:3      | Killed Natasha
  2316 | D:3      | Reached XP level 6. HP: 48/61 MP: 5/5
  2504 | D:3      | Noticed Natasha
  2518 | D:3      | Killed Natasha
  2535 | D:3      | Noticed Natasha
  2542 | D:3      | Killed Natasha
  2561 | D:4      | Reached skill level 2 in Axes
  2652 | D:4      | Found a radiant altar of Vehumet.
  2705 | D:4      | Found a staircase to the Ecumenical Temple.
  2720 | Temple   | Entered the Ecumenical Temple
  2727 | Temple   | Became a worshipper of Hepliaklqana the Forgotten
  2727 | Temple   | Reached * piety under Hepliaklqana
  2727 | Temple   | Reached ** piety under Hepliaklqana
  2728 | Temple   | Remembered your ancestor Eshargamelat as a battlemage
  2892 | D:4      | Reached XP level 7. HP: 60/60 MP: 6/6
  2960 | D:4      | Noticed a yak
  2965 | D:4      | Found a transporter.
  2972 | D:4      | Found a transporter.
  2984 | D:4      | Reached skill level 3 in Axes
  3460 | D:5      | Entered Level 5 of the Dungeon
  3518 | D:5      | Reached skill level 4 in Axes
  3539 | D:5      | Found a transporter.
  3539 | D:5      | Noticed math4jedi's ghost (novice HOFi)
  3565 | D:5      | Found a transporter.
  3623 | D:5      | Reached XP level 8. HP: 60/70 MP: 7/7
  3755 | D:5      | Reached skill level 5 in Axes
  4036 | D:6      | Found Toirab's Jewellery Shop.
  4075 | D:6      | Identified the +9 giant spiked club "Jetittay" {drain, rF-
                  | rC- Str+7 SInv}
  4076 | D:6      | Found a transporter.
  4076 | D:6      | Noticed DemonSlayer's ghost (novice DsFE)
  4086 | D:6      | Found a transporter.
  4129 | D:6      | Found Iwagodos's Antique Armour Boutique.
  4186 | D:6      | Found Fehex's Weapon Emporium.
  4202 | D:6      | Noticed Prince Ribbit
  4224 | D:6      | Killed Prince Ribbit
  4246 | D:6      | Reached *** piety under Hepliaklqana
  4269 | D:6      | Found a runed translucent door.
  4270 | D:6      | Noticed Crazy Yiuf
  4280 | D:6      | Killed Crazy Yiuf
  4428 | D:6      | Found Ranaqekhe's Magic Scroll Shop.
  4440 | D:6      | Reached skill level 6 in Axes
  4463 | D:6      | Bought a scroll of identify for 30 gold pieces
  4536 | D:6      | Reached XP level 9. HP: 75/78 MP: 8/8
  5074 | D:7      | Noticed Duvessa
  5074 | D:7      | Noticed Dowan
  5078 | D:7      | Killed Duvessa
  5079 | D:7      | Reached skill level 5 in Fighting
  5084 | D:7      | Killed Dowan
  5148 | D:7      | Reached skill level 5 in Dodging
  5306 | D:7      | Found a glowing silver altar of Zin.
  5306 | D:7      | Noticed an angel
  5580 | D:7      | Found an ancient bone altar of Kikubaaqudgha.
  5913 | D:8      | Reached skill level 7 in Axes
  6334 | D:8      | Reached **** piety under Hepliaklqana
  6825 | D:9      | Reached skill level 5 in Maces & Flails
  6865 | D:9      | Reached XP level 10. HP: 69/88 MP: 9/9
  6870 | D:9      | Slain by a wyvern

Illustrated notes

Levels and vault maps discovered:
D:1:      minmay_arrival_stair_chambers, layout_basic
D:2:      layout_loops_ring, basic_altar, hellmonk_ecumenical_altar_blasted,
          minmay_circle_x, uniq_terence
D:3:      layout_basic, mainiacjoe_overflow_boulevard, tso_metal_star,
          uniq_ijyb, uniq_natasha
D:4:      layout_gridville, gammafunk_temple_overflow_arena,
          minmay_temple_entry_glassed_door
D:5:      layout_rooms, gammafunk_ghost_arena, minmay_crystal_room,
          corexii_checkpoint_a
D:6:      layout_cave_pools, gammafunk_ghost_smash, serial_shops, shop, shop,
          nicolae_stop_n_shop_2, shop, supply_closet_lemuel,
          uniq_prince_ribbit1, uniq_crazy_yiuf_cottage
D:7:      layout_gridville, zin_angel, mainiacjoe_overflow_alcove_1,
          uniq_duvessa
D:8:      layout_basic, corexii_checkpoint_a
D:9:      layout_basic, david_lair_generic, st_stairs_4,
          hangedman_abyss_or_decor_stabs
Temple:   eino_temple_lava

Skill      XL: |  1  2  3  4  5  6  7  8  9 |
---------------+----------------------------+-----
Maces & Flails | 3 4 5 |  5.2
Dodging        | 3 4 5 |  5.3
Fighting       | 3 4 5 |  5.7
Axes           | 1 2 4 6 7 |  7.5
Stealth        | 2 3 |  3.8
Throwing       | |  0.5

Action                   |  1- 3 |  4- 6 |  7- 9 | 10-12 || total
-------------------------+-------+-------+-------+-------++-------
Melee: Mace              |   110 |    39 |       |       ||   149
       Punch             |     1 |     2 |     2 |       ||     5
       Hand axe          |       |   117 |   189 |       ||   306
       Flail             |       |       |    37 |     5 ||    42
Throw: Stone             |     1 |     4 |     3 |       ||     8
Invok: Ancestor Life: Ba |       |     1 |       |       ||     1
  Use: Scroll            |       |       |     3 |       ||     3
 Stab: Sleeping          |       |     3 |     6 |       ||     9
       Distracted        |       |       |     5 |       ||     5
Armor: Robe              |    35 |    64 |    44 |     1 ||   144
Dodge: Dodged            |    69 |   110 |   150 |     2 ||   331
